 Dungeon Crawl Stone Soup version 0.31-a0-121-g1e386dd289 (webtiles) character file.

Game seed: 15921907297786377235

111 Ijustatesigmund the Conjurer (level 4, -4/30 HPs)
             Began as an Octopode Conjurer on June 1, 2023.
             Slain by Natasha (10 damage)
             ... on level 2 of the Dungeon.
             The game lasted 00:04:15 (2409 turns).

Ijustatesigmund the Conjurer (Octopode Conjurer)    Turns: 2409, Time: 00:04:16

Health: -4/30      AC:  0    Str:  6    XL:     4   Next: 92%
Magic:  8/8        EV: 14    Int: 22    God:
Gold:   106        SH:  0    Dex: 10    Spells: 6/9 levels left

rFire   . . .        d - melded +0 spear
rCold   . . .        (shield currently unavailable)
rNeg    . . .        (helmet currently unavailable)
rPois   .            (no amulet)
rElec   .            (ring currently unavailable)
rCorr   .            (ring currently unavailable)
SInv    .            (ring currently unavailable)
Will    .....        (ring currently unavailable)
Stlth   ++           (ring currently unavailable)
HPRegen 0.25/turn    (ring currently unavailable)
MPRegen 0.11/turn    (ring currently unavailable)
                     (ring currently unavailable)

%: no passive effects
@: pig-form (expiring), slowed
A: fast, no casting, almost no armour, (amphibious), (8 rings), small,
(camouflage 1), (gelatinous body 1), (nimble swimmer 1), (tentacles)
a: no special abilities


You were on level 2 of the Dungeon.
You were a filthy swine.
You visited 1 branch of the dungeon, and saw 2 of its levels.

You collected 106 gold pieces.

Inventory:

Hand Weapons
 d - a +0 spear (melded)
Missiles
 c - 2 curare-tipped darts
Potions
 a - a potion of magic
 b - a potion of lignification {unknown}
 e - a potion of resistance
 f - 2 potions of haste {unknown}
 h - a potion of brilliance
 i - 2 potions of degeneration {unknown}


   Skills:
 + Level 2.4 Fighting
 - Level 2.0 Dodging
 - Level 2.6 Stealth
 + Level 3.0 Spellcasting
 + Level 4.7 Conjurations


You had 6 spell levels left.
You knew the following spells:

 Your Spells              Type           Power      Damage    Failure   Level
a - Magic Dart            Conj           96%        1d7       1%          1
b - Searing Ray           Conj           48%        2d6       2%          2

Your spell library contained the following spells:

 Spells                   Type           Power      Damage    Failure   Level
 Slow                     Hex            12%        N/A       12%         1
 Dazzling Flash           Conj/Hex       26%        N/A       14%         3
 Confusing Touch          Hex            3%         N/A       36%         3
 Vampiric Draining        Necr           3%         2d6       36%         3
 Fulminant Prism          Conj/Hex       6%         3d7       43%         4
 Iskenderun's Mystic Bla  Conj/Tloc      13%        2d5       43%         4


Dungeon Overview and Level Annotations

Branches:
Dungeon (2/15)

Altars:
Wu Jian

Annotations:
D:2 Natasha, Sigmund


Innate Abilities, Weirdness & Mutations

You are a filthy swine.
You move quickly.
Your equipment is almost entirely melded.
You are incapable of wielding weapons or throwing items.
You cannot cast spells.
You cannot wear most types of armour.
((You are amphibious.))
((You can wear up to eight rings at the same time.))
((Your skin changes colour to match your surroundings (Stealth+).))
((Your rubbery body absorbs attacks. (AC +1, EV +1)))
((You are camouflaged when in or above water. (Stealth+)))
((You have tentacles for arms and can constrict up to eight enemies at once.))


Message History

You swap places.
Found 2 stones.
You see here 2 stones.
Found 4 boomerangs.
You see here 4 boomerangs.
You see here a +0 dagger.
Found a stone staircase leading down.
Sigmund is nearby!
Natasha, Servant of Life and Death comes into view.
She is carrying a wand of polymorph (5).
Natasha zaps a wand.
You turn into a filthy swine.
Your +0 spear melds into your body.
You hit Natasha.
Natasha is lightly wounded.
Natasha claws you!
You closely miss Natasha.
Natasha is lightly wounded.
Natasha misses you.
You barely miss Natasha.
Natasha is lightly wounded.
Natasha claws you!
You barely miss Natasha.
Natasha is lightly wounded.
Natasha misses you.
You can't do that in your present form.
Okay, then.
You aren't carrying any items that you can evoke.
You hit Natasha but do no damage.
Natasha is lightly wounded.
Natasha mumbles some strange words.
You hit Natasha.
Natasha is moderately wounded.
Natasha stares at you and mumbles some strange words.
You feel yourself slow down.
You hit Natasha but do no damage.
Natasha is moderately wounded.
Your transformation is almost over.
The cerulean imp hits you from afar with a +4 spear!
* * * LOW HITPOINT WARNING * * *
Natasha claws you!
You die...

.(.# #.....# #.######.###.###.#
#.## #.....# #.##...........#..
#.# #.....# #.##.###.##....###
#.# ##########.##'######....# #.#
#...........'....# ..######
#.........###....#
..#....#######......>..# #....#
..#....##........h.....# #....#
..)....##.......h......# #....#
.......##.........5....# #....#
.......##..............# #....#
.......##..............# #....###
##.....##.............## #.......
..............)######.# #.......
......[#.......# #.# #.......
...............# #.####.......
..####.........######.#..........


You could see Natasha and a cerulean imp (summoned).

Vanquished Creatures
  Terence (D:2)
  Natasha (D:2)
  7 ball pythons
  5 endoplasms
  2 giant cockroaches (D:1)
  4 goblins
  4 hobgoblins
  11 jackals
  7 kobolds
  4 bats
  A frilled lizard (D:1)
  6 rats
53 creatures vanquished.

Notes
Turn   | Place    | Note
-------+----------+-------------------------------------------
     0 | D:1      | Ijustatesigmund the Octopode Conjurer began the quest for
                  | the Orb.
     0 | D:1      | Reached XP level 1. HP: 11/11 MP: 3/3
   213 | D:1      | Reached XP level 2. HP: 18/18 MP: 0/5
   297 | D:1      | Learned a level 2 spell: Searing Ray
   313 | D:1      | Reached skill level 1 in Fighting
   590 | D:1      | Reached XP level 3. HP: 23/23 MP: 6/6
  1059 | D:2      | Found an ornate altar of the Wu Jian Council.
  1192 | D:2      | Noticed Natasha
  1246 | D:2      | Killed Natasha
  1247 | D:2      | Reached XP level 4. HP: 9/29 MP: 1/8
  1912 | D:2      | Noticed Terence
  1925 | D:2      | Killed Terence
  1992 | D:2      | Noticed Sigmund
  2399 | D:2      | Noticed Natasha
  2409 | D:2      | Slain by Natasha

Illustrated notes

Levels and vault maps discovered:
D:1:      psy_arrival_dodecagon, layout_loops_ring, minmay_pentomino_o4
D:2:      layout_basic, basic_altar, uniq_sigmund, uniq_terence, uniq_natasha

Skill      XL: |  1  2  3  4 |
---------------+-------------+-----
Fighting       | 1 2 |  2.4
Spellcasting   | 3 |  3.0
Dodging        | |  2.0
Stealth        | |  2.6
Conjurations   | |  4.7

Action                     |  1- 3 |  4- 6 || total
---------------------------+-------+-------++-------
  Melee: Spear             |    28 |    18 ||    46
         Tentacles         |     6 |     5 ||    11
         Constrict         |     4 |     4 ||     8
         Punch             |     1 |       ||     1
         Unarmed           |       |     7 ||     7
   Cast: Magic Dart        |    43 |    27 ||    70
         Searing Ray       |       |     2 ||     2
    Use: Scroll            |     6 |     1 ||     7
   Stab: Sleeping          |     4 |     2 ||     6
 Armour: Skin              |     6 |     3 ||     9
  Dodge: Dodged            |    45 |    20 ||    65

Table legend: (Time is in decaauts)
 A = Elapsed time spent in this place.
 B = Non-inter-level travel time spent in this place.
 C = Inter-level travel time spent in this place.
 D = Time resting spent in this place.
 E = Time spent auto-exploring this place.
 F = Levels seen in this place.
 G = Mean time per level.
                   A        B        C        D        E       F      G
               +--------+--------+--------+--------+--------+-----+--------+
         Total |   2409 |   2341 |     68 |    537 |   1488 |   2 | 1204.5 |
       Dungeon |   2409 |   2341 |     68 |    537 |   1488 |   2 | 1204.5 |
               +--------+--------+--------+--------+--------+-----+--------+

Top non-repeatable levels by time:
     D:1: 1537 daAuts
     D:2: 872 daAuts
